 Dungeon Crawl Stone Soup version 0.28.0-45-g0d030f2227 (webtiles) character file.

Game seed: 12909386871441419785

102 Gabide the Chiller (level 4, 0/34 HPs)
             Began as a Demigod Ice Elementalist on Mar 30, 2022.
             Succumbed to an adder's poison
             ... on level 2 of the Dungeon.
             The game lasted 00:04:08 (1731 turns).

Gabide the Chiller (Demigod Ice Elementalist)       Turns: 1731, Time: 00:04:08

Health: 0/34       AC:  3    Str:  9    XL:     4   Next: 26%
Magic:  0/11       EV: 12    Int: 21    God:
Gold:   28         SH:  0    Dex: 14    Spells: 4/8 levels left

rFire   . . .      SeeInvis .   (no weapon)
rCold   . . .      Faith    .   (no shield)
rNeg    . . .      Spirit   .   a - +0 robe
rPois   .          Reflect  .   (no helmet)
rElec   .          Harm     .   (no cloak)
rCorr   .          Rampage  .   (no gloves)
Will    .....                   d - +0 pair of boots
Stlth   ++........              (no amulet)
HPRegen 0.11/turn               (no ring)
MPRegen 0.12/turn               (no ring)

@: brilliant, lethally poisoned (0 -> -3)
A: high MP 1, forlorn, divine attributes
a: no special abilities


You were on level 2 of the Dungeon.
You visited 1 branch of the dungeon, and saw 2 of its levels.

You collected 28 gold pieces.

Inventory:

Armour
 a - a +0 robe (worn)
 d - a +0 pair of boots (worn)
Jewellery
 k - an amulet of the acrobat
Scrolls
 c - 5 scrolls of identify {unknown}
 e - a scroll of summoning {unknown}
 f - a scroll of amnesia {unknown}
 g - a scroll of holy word {unknown}
 j - a scroll of silence {unknown}
 l - a scroll of teleportation {unknown}
Potions
 i - a potion of heal wounds {unknown}


   Skills:
 * Level 0.8 Fighting
 * Level 2.2 Dodging
 + Level 1.7 Stealth
 * Level 2.8 Spellcasting
 * Level 4.4 Ice Magic


You had 4 spell levels left.
You knew the following spells:

 Your Spells              Type           Power      Damage    Failure   Level
a - Freeze                Ice            100%       1d11      2%          1
b - Ozocubu's Armour      Ice            32%        N/A       7%          3

Your spell library contained the following spells:

 Spells                   Type           Power      Damage    Failure   Level
 Frozen Ramparts          Ice            64%        1d8       7%          3
 Ensorcelled Hibernation  Hex/Ice        36%        N/A       9%          2
 Sting                    Tmut/Pois      16%        1d3       14%         1
 Poisonous Vapours        Pois/Air       8%         N/A       21%         2
 Ignite Poison            Fire/Tmut/Pois 4%         N/A       38%         3
 Mephitic Cloud           Conj/Pois/Air  4%         N/A       38%         3
 Spider Form              Tmut/Pois      4%         N/A       38%         3
 Hailstorm                Conj/Ice       18%        3d6       47%         4
 Anguish                  Hex/Necr       2%         N/A       80%         4
 Olgreb's Toxic Radiance  Pois           4%         N/A       80%         4
 Freezing Cloud           Conj/Ice/Air   6%         6-21      90%         5


Dungeon Overview and Level Annotations

Branches:
Dungeon (2/15)


Innate Abilities, Weirdness & Mutations

You have an increased reservoir of magic. (+10% MP)
You shall have no god before yourself.
Your divine heritage dramatically boosts your attributes as you level up.


Message History

* * * LOW HITPOINT WARNING * * *
You feel sick. The adder closely misses you.
It was a potion of brilliance.
You feel clever all of a sudden.
* * * LOW HITPOINT WARNING * * *
You feel sick. The adder closely misses you.
It was a potion of curing.
You feel better. The adder closely misses you. The adder bites you.
The adder barely misses you.
Aiming: Freeze (safe; 2% risk of failure)
Press: ? - help, Q - select action, (/) - cycle Shift-Dir - straight line, f/p - adder
Aim: an adder (lightly wounded)
You feel a surge of power!
You freeze the adder.
The adder is heavily wounded.
The adder bites you.
You are poisoned.
The adder poisons you! The adder bites you.
* * * LOW HITPOINT WARNING * * *
You feel sick.
You feel sick.
You feel sick. The adder misses you.
You feel sick.
You feel sick.
You feel sick.
You are no longer poisoned.
The adder bites you.
* * * LOW HITPOINT WARNING * * *
You are lethally poisoned!
The adder poisons you!
Aiming: Freeze (safe; 2% risk of failure)
Press: ? - help, Q - select action, (/) - cycle Shift-Dir - straight line, f/p - adder
Aim: an adder (heavily wounded)
You feel a surge of power!
You freeze the adder.
The adder is almost dead.
The adder seems to slow down.
* * * LOW HITPOINT WARNING * * *
You feel sick. The adder misses you.
You hit the adder but do no damage.
The adder is almost dead.
You die...

#... #.# ### # #..#
#.# #.r.
#.##.#..##########.#
....
#......<.........#.#
#...
####.##.##.#####.#.#
# #.##.## #.#.# ###
#.#...####.#.# #..
#.#........S.# #.#
#.#...####@###
#.##### #.## # ##.##
#####..####.##.
#...###..............
#.#.....#.##.......#
#...###...##.####.##
##### ######.# #.#
#.#


You could see an adder (slow).

Vanquished Creatures
  Terence (D:2)
  3 adders (D:2)
  A worm (D:2)
  2 dart slugs (D:1)
  6 endoplasms
  4 giant cockroaches
  4 goblins
  2 hobgoblins (D:2)
  3 kobolds
  4 quokkas
  2 ball pythons
  2 bats (D:1)
  4 frilled lizards
  4 rats
42 creatures vanquished.

Notes
Turn   | Place    | Note
-------+----------+-------------------------------------------
     0 | D:1      | Gabide the Demigod Ice Elementalist began the quest for the
                  | Orb.
     0 | D:1      | Reached XP level 1. HP: 14/14 MP: 5/5
   484 | D:1      | Reached XP level 2. HP: 22/22 MP: 4/7
   791 | D:1      | Reached skill level 4 in Ice Magic
  1037 | D:2      | Reached XP level 3. HP: 24/27 MP: 2/9
  1348 | D:2      | Learned a level 3 spell: Ozocubu's Armour
  1676 | D:2      | Noticed Terence
  1682 | D:2      | Killed Terence
  1683 | D:2      | Reached XP level 4. HP: 29/34 MP: 5/10
  1730 | D:2      | HP: 1/34 [poisoned by an adder]
  1731 | D:2      | Succumbed to an adder's poison

Illustrated notes

Levels and vault maps discovered:
D:1:      dpeg_arrival_fog, layout_rooms, shapermc_ecumenical_altar_petra,
          minmay_tetromino_i4
D:2:      layout_loops_ring, uniq_terence

Skill      XL: |  1  2 |
---------------+-------+-----
Dodging        | 2 |  2.2
Spellcasting   | 2 |  2.8
Ice Magic      | 4 |  4.4
Fighting       | |  0.8
Stealth        | |  1.7

Action                   |  1- 3 |  4- 6 || total
-------------------------+-------+-------++-------
Melee: Unarmed           |     3 |    18 ||    21
       Punch             |       |     1 ||     1
 Cast: Freeze            |    64 |    11 ||    75
  Use: Potion            |       |     2 ||     2
Armor: Robe              |     9 |     4 ||    13
Dodge: Dodged            |    23 |    22 ||    45
